 Dungeon Crawl Stone Soup version 0.18.1-48-g4cf74bf (webtiles) character file.

769 tyranidshit the Magician (level 7, -5/67 HPs)
             Began as a Deep Dwarf Necromancer on July 12, 2016.
             Was a Follower of Makhleb.
             Slain by a phantom (8 damage)
             ... on level 6 of the Dungeon.
             The game lasted 00:25:42 (3066 turns).

tyranidshit the Magician (Deep Dwarf Necromancer)   Turns: 3066, Time: 00:25:43

Health: -5/67      AC:  3    Str: 10 (11) XL:     7   Next: 52%
Magic:  11/11      EV: 16    Int: 18      God:    Makhleb [*.....]
Gold:   226        SH:  0    Dex: 13      Spells: 2 memorised, 12 levels left

rFire  + . .     SeeInvis .     g - +1 whip "Wuannakhae" {flame, rF+}
rCold  . . .     Gourm    .     a - +0 robe
rNeg   . . .     Faith    .     (no shield)
rPois  .         Spirit   .     (no helmet)
rElec  +         Dismiss  .     (no cloak)
rCorr  .         Reflect  .     (no gloves)
SustAt .         Harm     .     t - +0 pair of boots
MR     +....                    y - amulet of the Air {Inacc +Fly rElec EV+5 RMsl}
Stlth  +.........               (no ring)
                                (no ring)

@: non-regenerating, repel missiles, very heavily drained, somewhat resistant to
hostile enchantments, very unstealthy
A: damage resistance, recharge devices, sense surroundings 1, slow regeneration
3, wild magic 1
a: Device Recharging, Renounce Religion, Evoke Flight


You were on level 6 of the Dungeon.
You worshipped Makhleb.
Makhleb was aware of your devotion.
You were not hungry.

You visited 1 branch of the dungeon, and saw 6 of its levels.

You collected 226 gold pieces.

Inventory:

Hand Weapons
 g - the +1 whip "Wuannakhae" (weapon) {flame, rF+}
   (You took it off a kobold on level 6 of the Dungeon)

   It has been specially enchanted to burn those struck by it, causing extra
   injury to most foes and up to half again as much damage against particularly
   susceptible opponents.
   It protects you from fire.
 l - a +0 whip
 u - a +0 war axe
 z - a +0 blowgun
Missiles
 C - 12 poisoned needles
 E - 3 curare-tipped needles
Armour
 a - a +0 robe (worn)
 t - a +0 pair of boots (worn)
Jewellery
 m - a +2 amulet of reflection
 y - the amulet of the Air (around neck) {Inacc +Fly rElec EV+5 RMsl}
   (You found it on level 4 of the Dungeon)

   [amulet of inaccuracy]

   It reduces the accuracy of all your attacks.
   It affects your evasion (+5).
   It insulates you from electricity.
   It lets you fly.
   It protects you from missiles.
Wands
 c - a wand of heal wounds (3/9)
 d - a wand of teleportation (6/9)
 s - a wand of paralysis (13/24)
 v - a wand of teleportation (3/9)
Scrolls
 e - a scroll of random uselessness
 f - 5 scrolls of identify
 i - 2 scrolls of remove curse
 q - 4 scrolls of enchant weapon
 r - a scroll of immolation
 x - a scroll of fog
Potions
 j - 3 potions of curing {unknown}
 p - 3 potions of brilliance
 w - a potion of flight {unknown}
Books
 b - a book of Necromancy

   Spells                             Type                      Level
   a - Pain                           Necromancy                   1
   b - Animate Skeleton               Necromancy                   1
   c - Vampiric Draining              Necromancy                   3
   d - Regeneration                   Charms/Necromancy            3
   e - Animate Dead                   Necromancy                   4
   f - Control Undead                 Necromancy                   4
Comestibles
 o - 5 fruits
 A - a meat ration
 D - a beef jerky


   Skills:
 + Level 5.2(1.7) Fighting
 - Level 2.1(0.0) Dodging
 - Level 2.4(0.0) Stealth
 + Level 5.2(1.6) Spellcasting
 - Level 4.3(0.9) Necromancy


You had 12 spell levels left.
You knew the following spells:

 Your Spells              Type           Power        Failure   Level  Hunger
a - Pain                  Necr           #...         21%         1    #......
b - Vampiric Draining     Necr           #.........   52%         3    ###....


Dungeon Overview and Level Annotations

Branches:
Dungeon (6/15)
 Temple: D:4-7

Altars:
Makhleb
Qazlal
Ru
Zin
The Shining One

Shops:
D:6 *

Annotations:
D:4 tyranidshit's ghost, amateur DDNe


Innate Abilities, Weirdness & Mutations

You are resistant to damage.
You can recharge devices by infusing magical energy.
You passively map a small area around you.
You do not regenerate naturally.
Your spells are a little harder to cast, but a little more powerful.


Message History

The phantom is severely damaged.
The phantom hits you!
* * * LOW HITPOINT WARNING * * *
You closely miss the phantom.
The phantom is severely damaged.
The phantom misses you.
The phantom blinks!
You barely miss the phantom.
The phantom is severely damaged.
The phantom hits you!
* * * LOW HITPOINT WARNING * * *
You miss the phantom.
The phantom is severely damaged.
The phantom hits you.
* * * LOW HITPOINT WARNING * * *
Evoke which item? (* to show all) (? for menu, Esc to quit)
Okay, then.
Charge which item? (? for menu, Esc to quit)
Your wand of heal wounds (0/9) glows for a moment and now has 3 charges.
The phantom hits you!
You die...

∩.......##############
....###...###
............#####
_#.......#......#
⌠##.............#######
##.....###............#
....%...........###..##
.......#.......W##..##
........##......@..##
......#.........#...#
.....#####......###.#
######
##.<..(.(.(####### #
....#####.()...)).# #
####..### #......)..#
####.....# #...(.(!..#
Y.##<....# ###########
#..>.....#


You could see a phantom.

Vanquished Creatures
  An ice beast (D:6)
  A big kobold (D:6)
  2 giant frogs (D:6)
  A howler monkey (D:6)
  A giant frog zombie (D:6)
  2 orc wizards (D:6)
  An orc priest (D:6)
  A giant frog skeleton (D:5)
  An iguana (D:6)
  Ijyb (D:3)
  3 worker ants (D:4)
  6 adders
  An ooze (D:4)
  2 worms
  4 dart slugs
  3 giant geckos
  20 orcs
  3 ball pythons
  8 bats
  2 giant cockroaches (D:3)
  2 goblins (D:2)
  4 hobgoblins
  8 jackals
  3 giant newts
  12 kobolds
  5 rats
98 creatures vanquished.

Notes
Turn   | Place    | Note
--------------------------------------------------------------
     0 | D:1      | tyranidshit the Deep Dwarf Necromancer began the quest for the Orb.
     0 | D:1      | Reached XP level 1. HP: 15/15 MP: 3/3
   668 | D:2      | Reached XP level 2. HP: 24/24 MP: 0/5
   769 | D:2      | Reached skill level 1 in Fighting
   822 | D:2      | Reached XP level 3. HP: 29/31 MP: 1/6
   828 | D:2      | Learned a level 3 spell: Vampiric Draining
   960 | D:2      | Reached XP level 4. HP: 39/39 MP: 0/8
  1311 | D:3      | Noticed Ijyb
  1321 | D:3      | Killed Ijyb
  1392 | D:3      | Found a faded altar to an unknown god.
  1464 | D:3      | Found a glowing golden altar of the Shining One.
  1846 | D:3      | Reached XP level 5. HP: 19/46 MP: 0/10
  2336 | D:4      | Found a sacrificial altar of Ru.
  2336 | D:4      | Noticed tyranidshit's ghost (amateur DDNe)
  2386 | D:5      | Entered Level 5 of the Dungeon
  2401 | D:5      | Noticed a water moccasin
  2410 | D:5      | Noticed a phantom
  2464 | D:6      | Found a burning altar of Makhleb.
  2494 | D:6      | Reached XP level 6. HP: 19/57 MP: 0/12
  2502 | D:6      | Found Zin's Purification Station.
  2507 | D:6      | Became a worshipper of Makhleb the Destroyer
  2510 | D:6      | Found a glowing silver altar of Zin.
  2515 | D:6      | Noticed an ice beast
  2670 | D:6      | Gained mutation: Your spells are a little harder to cast, but a little more powerful. [potion of beneficial mutation]
  2778 | D:6      | Found a stormy altar of Qazlal.
  2803 | D:6      | Noticed an orc warrior
  2825 | D:6      | Reached XP level 7. HP: 41/66 MP: 0/13
  2866 | D:6      | Got an encrusted whip {flame}
  2867 | D:6      | Identified the cursed +1 whip "Wuannakhae" {flame, rF+} (You took it off a kobold on level 6 of the Dungeon)
  2942 | D:6      | Reached * piety under Makhleb
  2942 | D:6      | Reached skill level 5 in Fighting
  2942 | D:6      | Reached skill level 5 in Spellcasting
  3022 | D:6      | HP: 2/67 [ice beast (4)]
  3065 | D:6      | HP: 3/67 [phantom (2)]
  3066 | D:6      | Slain by a phantom

Skill      XL: |  1  2  3  4  5  6  7 |
---------------+----------------------+-----
Spellcasting   | 2 3 4 5 |  5.2
Fighting       | 1 2 3 4 5 |  5.2
Dodging        | |  2.1
Stealth        | |  2.4
Necromancy     | |  4.3

Action                   |  1- 3 |  4- 6 |  7- 9 || total
-------------------------+-------+-------+-------++-------
Melee: Whip              |    10 |       |    76 ||    86
       Mace              |    40 |   127 |       ||   167
       War axe           |       |    43 |    17 ||    60
 Cast: Pain              |    29 |    36 |     5 ||    70
       Vampiric Draining |     1 |    38 |     3 ||    42
 Abil: Device Recharging |       |     1 |     2 ||     3
Evoke: Wand              |     2 |     8 |     4 ||    14
  Use: Scroll            |     6 |    10 |     1 ||    17
       Potion            |       |     7 |       ||     7
 Stab: Sleeping          |     1 |       |       ||     1
  Eat: Bread ration      |     1 |       |     1 ||     2
       Meat ration       |       |     1 |       ||     1
       Pizza             |       |     1 |       ||     1
Armor: Robe              |    24 |    41 |    23 ||    88
Dodge: Dodged            |    84 |   275 |   156 ||   515
       Deflected         |       |     1 |     3 ||     4
Block: Other             |       |     4 |       ||     4
